SA
GALESBURG GUZZLERS @ NIAGARA FALLS EXPOS
08/10/2024
 
TOP OF THE 1ST
Galesburg Guzzlers batting - Pitching for Niagara Falls Expos : RHP Jon Shirley
Pitching: RHP Jon Shirley
Batting: RHB Roland Deschain 0-0: Ball
1-0: Ball
2-0: Ball
3-0: Called Strike
3-1: Foul Ball, location: 2F
3-2: Base on Balls
Batting: LHB Gabriel Díaz 0-0: Ball
Throwing error on steal attempt, E2
Roland Deschain to third
1-0: Ball
2-0: Foul Ball, location: 2F
2-1: SINGLE (Groundball, 6MD)
Roland Deschain scores
Batting: RHB Grady Walkinshaw 0-0: Called Strike
Gabriel Díaz is caught stealing 2nd base
0-1: Called Strike
0-2: Ball
1-2: Strikes out swinging
Batting: RHB Fernando Rivera 0-0: Foul Ball, location: 2F
0-1: Fly out, F8 (Flyball, 8LXD)
Top of the 1st over - 1 run(s), 1 hit(s), 1 error(s), 0 left on base; Galesburg 1 - Niagara Falls 0
BOTTOM OF THE 1ST
Niagara Falls Expos batting - Pitching for Galesburg Guzzlers : RHP Ernst Chia
Pitching: RHP Ernst Chia
Batting: LHB Arturo Gonzáles 0-0: Ball
1-0: Called Strike
1-1: Foul Ball, location: 2F
1-2: Foul Ball, location: 2F
1-2: Foul Ball, location: 2F
1-2: SINGLE (Groundball, 4MD)
Batting: RHB António Mendoza 0-0: Ball
Wild Pitch!
Arturo Gonzáles to second
1-0: Swinging Strike
1-1: Foul Ball, location: 2F
1-2: Reached on error, E5 (Groundball, 5)
Arturo Gonzáles scores
Batting: RHB Rafael Pueblo 0-0: SINGLE (Flyball, 4D)
António Mendoza to third
Runner from 3rd tries for Home, SAFE, no throw or cutoff
Batting: RHB Demeter Valverde 0-0: Ball
1-0: Ball
Rafael Pueblo is caught stealing 2nd base
2-0: Swinging Strike
2-1: Ground out 6-3 (Groundball, 6M)
Batting: LHB Gilberto Jiménez 0-0: Called Strike
0-1: Ball
1-1: Swinging Strike
1-2: Strikes out swinging
Bottom of the 1st over - 2 run(s), 2 hit(s), 1 error(s), 0 left on base; Galesburg 1 - Niagara Falls 2
TOP OF THE 2ND
Galesburg Guzzlers batting - Pitching for Niagara Falls Expos : RHP Jon Shirley
Batting: RHB Bubba Blevins 0-0: Ball
1-0: Ball
2-0: Ball
3-0: SINGLE (Groundball, 4MD)
Batting: LHB John Ennis 0-0: Swinging Strike
0-1: Called Strike
0-2: Strikes out swinging
Batting: RHB Gabrio Campoverde 0-0: Ball
1-0: Fly out, F7 (Flyball, 7S)
Batting: RHB Carlos Cardona 0-0: Ground out 4-3 (Groundball, 4)
Top of the 2nd over - 0 run(s), 1 hit(s), 0 error(s), 1 left on base; Galesburg 1 - Niagara Falls 2
BOTTOM OF THE 2ND
Niagara Falls Expos batting - Pitching for Galesburg Guzzlers : RHP Ernst Chia
Batting: RHB Mario Germán 0-0: Ball
1-0: Foul Ball, location: 2F
1-1: DOUBLE (Flyball, 89XD)
Batting: RHB Luis Rodríguez 0-0: SINGLE (Line Drive, 6)
Mario Germán to third
Batting: RHB Pedro Torres 0-0: Called Strike
0-1: Ball
1-1: Called Strike
1-2: Foul Ball, location: 2F
1-2: Strikes out swinging
Batting: RHB Gene Lucero 0-0: Called Strike
0-1: Ground out 5-3 (Groundball, 5S)
Mario Germán scores
Luis Rodríguez to second
Batting: LHB Arturo Gonzáles 0-0: Foul Ball, location: 2F
0-1: Fly out, F5 (Line Drive, 5)
Bottom of the 2nd over - 1 run(s), 2 hit(s), 0 error(s), 1 left on base; Galesburg 1 - Niagara Falls 3
TOP OF THE 3RD
Galesburg Guzzlers batting - Pitching for Niagara Falls Expos : RHP Jon Shirley
Batting: RHB Pierre Bernard 0-0: Fly out, F9 (Flyball, 89D)
Batting: RHB Roland Deschain 0-0: Called Strike
0-1: Ball
1-1: Ground out 6-3 (Groundball, 6M)
Batting: LHB Gabriel Díaz 0-0: Ball
1-0: Ball
2-0: SINGLE (Line Drive, 89S)
Batting: RHB Grady Walkinshaw 0-0: Ball
1-0: Swinging Strike
1-1: Called Strike
1-2: Strikes out swinging
Top of the 3rd over - 0 run(s), 1 hit(s), 0 error(s), 1 left on base; Galesburg 1 - Niagara Falls 3
BOTTOM OF THE 3RD
Niagara Falls Expos batting - Pitching for Galesburg Guzzlers : RHP Ernst Chia
Batting: RHB António Mendoza 0-0: Ground out 6-3 (Groundball, 6)
Batting: RHB Rafael Pueblo 0-0: Called Strike
0-1: Fly out, F5 (Line Drive, 5)
Batting: RHB Demeter Valverde 0-0: Ball
1-0: Called Strike
1-1: Foul Ball, location: 2F
1-2: Ball
2-2: Foul Ball, location: 2F
2-2: Strikes out looking
Bottom of the 3rd over - 0 run(s), 0 hit(s), 0 error(s), 0 left on base; Galesburg 1 - Niagara Falls 3
TOP OF THE 4TH
Galesburg Guzzlers batting - Pitching for Niagara Falls Expos : RHP Jon Shirley
Batting: RHB Fernando Rivera 0-0: Called Strike
0-1: Called Strike
0-2: Ground out 6-3 (Groundball, 6)
Batting: RHB Bubba Blevins 0-0: Ball
1-0: Ground out 5-3 (Groundball, 5)
Batting: LHB John Ennis 0-0: Called Strike
0-1: Swinging Strike
0-2: Strikes out swinging
Top of the 4th over - 0 run(s), 0 hit(s), 0 error(s), 0 left on base; Galesburg 1 - Niagara Falls 3
BOTTOM OF THE 4TH
Niagara Falls Expos batting - Pitching for Galesburg Guzzlers : RHP Ernst Chia
Batting: LHB Gilberto Jiménez 0-0: Ball
1-0: Fly out, F9 (Flyball, 9M)
Batting: RHB Mario Germán 0-0: Ball
1-0: Foul Ball, location: 2F
1-1: Called Strike
1-2: SINGLE (Line Drive, 8LS)
Batting: RHB Luis Rodríguez 0-0: Ball
1-0: Foul Ball, location: 2F
1-1: Ball
2-1: Ball
3-1: Base on Balls
Mario Germán to second
Batting: RHB Pedro Torres 0-0: Ball
1-0: Foul Ball, location: 2F
1-1: Foul Ball, location: 2F
1-2: Strikes out looking
Batting: RHB Gene Lucero 0-0: Foul Ball, location: 2F
0-1: Ball
1-1: Ball
2-1: Ball
3-1: Fielders Choice at 2nd, U6 (Groundball, 6M)
Bottom of the 4th over - 0 run(s), 1 hit(s), 0 error(s), 2 left on base; Galesburg 1 - Niagara Falls 3
TOP OF THE 5TH
Galesburg Guzzlers batting - Pitching for Niagara Falls Expos : RHP Jon Shirley
Batting: RHB Gabrio Campoverde 0-0: Ground out 5-3 (Groundball, 5L)
Batting: RHB Carlos Cardona 0-0: Called Strike
0-1: Called Strike
0-2: Ball
1-2: Strikes out swinging
Batting: RHB Pierre Bernard 0-0: Swinging Strike
0-1: Ball
1-1: Foul Ball, location: 2F
1-2: Strikes out swinging
Top of the 5th over - 0 run(s), 0 hit(s), 0 error(s), 0 left on base; Galesburg 1 - Niagara Falls 3
BOTTOM OF THE 5TH
Niagara Falls Expos batting - Pitching for Galesburg Guzzlers : RHP Ernst Chia
Batting: LHB Arturo Gonzáles 0-0: Ball
1-0: Foul Ball, location: 2F
1-1: Foul Ball, location: 2F
1-2: Foul Ball, location: 2F
1-2: SINGLE (Groundball, 6D)
Batting: RHB António Mendoza 0-0: Fielders Choice at 2nd, 4-6 (Groundball, 4M)
Batting: RHB Rafael Pueblo 0-0: Ball
1-0: Ball
2-0: Ball
3-0: Called Strike
3-1: Foul Ball, location: 2F
3-2: Fly out, F9 (Flyball, 9M)
3-2: Fly out, F9 (Flyball, 9M)
Batting: RHB Demeter Valverde 0-0: Ball
1-0: Ball
2-0: SINGLE (Line Drive, 56)
António Mendoza to second
Batting: LHB Gilberto Jiménez 0-0: Called Strike
0-1: Called Strike
0-2: Ball
1-2: Ball
2-2: 3-RUN HOME RUN (Flyball, 89XD), Distance : 419 ft
Batting: RHB Mario Germán 0-0: Ball
1-0: Fly out, F3 (Popup, 3SF)
Bottom of the 5th over - 3 run(s), 3 hit(s), 0 error(s), 0 left on base; Galesburg 1 - Niagara Falls 6
TOP OF THE 6TH
Galesburg Guzzlers batting - Pitching for Niagara Falls Expos : RHP Jon Shirley
Batting: RHB Roland Deschain 0-0: SINGLE (Flyball, 4D)
Batting: LHB Gabriel Díaz 0-0: Called Strike
0-1: Ball
1-1: Ball
2-1: Swinging Strike
2-2: Strikes out swinging
Batting: RHB Grady Walkinshaw 0-0: Fly out, F3 (Popup, 3F)
Batting: RHB Fernando Rivera 0-0: Swinging Strike
0-1: Ball
1-1: Foul Ball, location: 2F
Pickoff Throw to First - Error! E1
Roland Deschain to second
1-2: Foul Ball, location: 2F
1-2: Ball
2-2: Strikes out swinging
Top of the 6th over - 0 run(s), 1 hit(s), 1 error(s), 1 left on base; Galesburg 1 - Niagara Falls 6
BOTTOM OF THE 6TH
Niagara Falls Expos batting - Pitching for Galesburg Guzzlers : RHP Ernst Chia
Pitching: RHP Jim Unknown
Batting: RHB Luis Rodríguez 0-0: Swinging Strike
0-1: Ball
1-1: Ball
2-1: Ball
3-1: Ground out 4-3 (Groundball, 4S)
Batting: RHB Pedro Torres 0-0: Called Strike
0-1: Ball
1-1: Fly out, F9 (Flyball, 89S)
Batting: RHB Gene Lucero 0-0: Ball
1-0: Ball
2-0: Fly out, F8 (Flyball, 8LM)
Bottom of the 6th over - 0 run(s), 0 hit(s), 0 error(s), 0 left on base; Galesburg 1 - Niagara Falls 6
TOP OF THE 7TH
Galesburg Guzzlers batting - Pitching for Niagara Falls Expos : RHP Jon Shirley
Batting: RHB Bubba Blevins 0-0: Foul Ball, location: 2F
0-1: Ball
1-1: Fly out, F8 (Flyball, 8LM)
Batting: LHB John Ennis 0-0: Ball
1-0: Ball
2-0: Called Strike
2-1: Called Strike
2-2: Strikes out swinging
Batting: RHB Gabrio Campoverde 0-0: Ball
1-0: Foul Ball, location: 2F
1-1: Foul Ball, location: 2F
1-2: Strikes out swinging
Top of the 7th over - 0 run(s), 0 hit(s), 0 error(s), 0 left on base; Galesburg 1 - Niagara Falls 6
BOTTOM OF THE 7TH
Niagara Falls Expos batting - Pitching for Galesburg Guzzlers : RHP Jim Unknown
Batting: LHB Arturo Gonzáles 0-0: Foul Ball, location: 2F
0-1: Ball
1-1: Ball
2-1: SINGLE (Line Drive, 8LS)
Batting: RHB António Mendoza 0-0: Called Strike
0-1: Ball
1-1: Called Strike
1-2: Strikes out swinging
Batting: RHB Rafael Pueblo 0-0: Called Strike
0-1: Called Strike
Throwing error on steal attempt, E2
Arturo Gonzáles to third
0-2: Ball
1-2: SINGLE (Line Drive, 6D)
Arturo Gonzáles scores
Batting: RHB Demeter Valverde 0-0: Ball
Rafael Pueblo steals 2nd base
1-0: Foul Ball, location: 2F
1-1: Called Strike
1-2: Fly out, F9 (Flyball, 9S)
Batting: LHB Gilberto Jiménez 0-0: Called Strike
0-1: Hit by Pitch
Batting: RHB Mario Germán 0-0: SINGLE (Groundball, 6MD)
Rafael Pueblo to third
Gilberto Jiménez to second
Runner from 3rd tries for Home, SAFE, no throw or cutoff
Batting: RHB Luis Rodríguez 0-0: Ball
1-0: Ball
2-0: Called Strike
2-1: Foul Ball, location: 2F
2-2: Fly out, F8 (Flyball, 8RS)
Bottom of the 7th over - 2 run(s), 3 hit(s), 1 error(s), 2 left on base; Galesburg 1 - Niagara Falls 8
TOP OF THE 8TH
Galesburg Guzzlers batting - Pitching for Niagara Falls Expos : RHP Jon Shirley
Batting: RHB Carlos Cardona 0-0: Foul Ball, location: 2F
0-1: Foul Ball, location: 2F
0-2: SINGLE (Groundball, 15S) (infield hit)
Batting: RHB Pierre Bernard 0-0: Ball
1-0: Ball
2-0: Foul Ball, location: 2F
2-1: Foul Ball, location: 2F
2-2: Strikes out swinging
Batting: RHB Roland Deschain 0-0: Ball
1-0: Called Strike
1-1: Ball
2-1: Foul Ball, location: 2F
2-2: Strikes out swinging
Batting: LHB Gabriel Díaz 0-0: Called Strike
0-1: Fly out, F6 (Line Drive, 6)
Top of the 8th over - 0 run(s), 1 hit(s), 0 error(s), 1 left on base; Galesburg 1 - Niagara Falls 8
BOTTOM OF THE 8TH
Niagara Falls Expos batting - Pitching for Galesburg Guzzlers : RHP Jim Unknown
Batting: RHB Pedro Torres 0-0: Ground out 6-3 (Groundball, 6M)
Batting: RHB Gene Lucero 0-0: Fly out, F8 (Line Drive, 8LM)
Batting: LHB Arturo Gonzáles 0-0: Called Strike
0-1: Swinging Strike
0-2: SINGLE (Flyball, 8LS)
Batting: RHB António Mendoza 0-0: Ball
1-0: Ball
2-0: Called Strike
2-1: SINGLE (Line Drive, 56)
Arturo Gonzáles to second
Batting: RHB Rafael Pueblo 0-0: Foul Ball, location: 2F
0-1: SINGLE (Groundball, 56D)
Arturo Gonzáles to third
António Mendoza to second
Throwing error, E7
Arturo Gonzáles scores
António Mendoza to third
Rafael Pueblo to second
Batting: RHB Demeter Valverde 0-0: Fly out, F6 (Popup, 6M)
Bottom of the 8th over - 1 run(s), 3 hit(s), 1 error(s), 2 left on base; Galesburg 1 - Niagara Falls 9
TOP OF THE 9TH
Galesburg Guzzlers batting - Pitching for Niagara Falls Expos : RHP Jon Shirley
Now in CF: Xing-li Wang
Now in RF: Bob Lambert
Batting: RHB Grady Walkinshaw 0-0: Foul Ball, location: 2F
0-1: Foul Ball, location: 2F
0-2: Foul Ball, location: 2F
0-2: Ball
1-2: Foul Ball, location: 2F
1-2: Reached on error, E6 (Groundball, 56)
Batting: RHB Fernando Rivera 0-0: Foul Ball, location: 2F
0-1: Called Strike
0-2: Strikes out swinging
Pinch Hitting: RHB Ty Struck 0-0: Fly out, F9 (Flyball, 89D)
Runner from 2nd tags up, SAFE at 3rd, no throw
Batting: LHB John Ennis 0-0: Ball
1-0: Swinging Strike
1-1: Ball
2-1: Swinging Strike
2-2: Ball
3-2: Strikes out swinging
Top of the 9th over - 0 run(s), 0 hit(s), 1 error(s), 1 left on base; Galesburg 1 - Niagara Falls 9
This league is powered by Out of the Park Baseball, the baseball management simulation game for PC, Mac and Linux
Monday, October 3rd, 2016 - OOTP Baseball 16.9 Build 39